[Event "XXXVIII Benasque Open 2018"]
[Site "Benasque"]
[Date "2018.07.10"]
[Round "6"]
[White "Vocaturo, Daniele"]
[Black "Cruz Lledo, Pablo"]
[Result "1-0"]
[ECO "A40"]
[WhiteElo "2609"]
[BlackElo "2443"]
[Annotator "ChessBase"]
[PlyCount "101"]
[EventDate "2018.07.05"]
[EventType "swiss"]
[EventCountry "ESP"]
[SourceTitle "playchess.com"]
[Source "ChessBase"]
[SourceQuality "1"]
[TimeControl "5400+30"]

1. e4 g6 2. d4 Bg7 3. c4 e6 4. Nc3 Ne7 5. Bg5 h6 6. Bh4 g5 7. Bg3 Ng6 8. Nf3 d6 9. h4 g4 10. h5 gxf3 11. hxg6 fxg6 12. Qxf3 Bxd4 13. e5 Nc6 14. exd6 cxd6 15. Bd3 Ne5 16. Bxe5 Bxe5 17. Bxg6+ Kd7 18. Rh5 Rf8 19. Qd3 Kc7 20. O-O-O Qf6 21. g3 Rd8 22. f4 Bxc3 23. bxc3 a5 24. Rxh6 Ra6 25. Rh7+ Rd7 26. Rdh1 d5 27. Be8 Rxh7 28. Rxh7+ Kb8 29. Bb5 Rd6 30. c5 Rd8 31. c6 Rh8 32. c7+ Ka7 33. Rxh8 Qxh8 34. Qd4+ Qxd4 35. cxd4 Kb6 36. g4 Kxc7 37. g5 Kd8 38. Kb2 Bd7 39. g6 Be8 40. g7 Bf7 41. Bd3 Bg8 42. Kb3 Kc7 43. Ka4 b6 44. Kb5 Kb7 45. Bg6 Kc7 46. Ka6 Kc6 47. a4 Kc7 48. Ka7 Kc6 49. Kb8 b5 50. Be8+ Kd6 51. Bxb5 1-0

[Event "XXXVIII Benasque Open 2018"]
[Site "Benasque"]
[Date "2018.07.10"]
[Round "6"]
[White "Plazuelo Pascual, Juan"]
[Black "Chigaev, Maksim"]
[Result "1/2-1/2"]
[ECO "E81"]
[WhiteElo "2434"]
[BlackElo "2582"]
[Annotator "ChessBase"]
[PlyCount "127"]
[EventDate "2018.07.05"]
[EventType "swiss"]
[EventCountry "ESP"]
[SourceTitle "playchess.com"]
[Source "ChessBase"]
[SourceQuality "1"]
[TimeControl "5400+30"]

1. d4 Nf6 2. c4 d6 3. Nc3 g6 4. e4 Bg7 5. f3 O-O 6. Be3 c6 7. Qd2 a6 8. O-O-O b5 9. h4 h5 10. g4 Qa5 11. Kb1 e5 12. dxe5 dxe5 13. Bh6 Nbd7 14. Bxg7 Kxg7 15. g5 Ne8 16. Nh3 Nb6 17. c5 Nd7 18. Ne2 Qxd2 19. Rxd2 Nc7 20. Rd6 Ne6 21. Rxc6 Bb7 22. Rd6 Ndxc5 23. Bg2 b4 24. Rhd1 a5 25. Nf2 Ba6 26. Nc1 Nf4 27. Bh3 a4 28. Rc6 Nxh3 29. Nxh3 Rfc8 30. Rxc8 Rxc8 31. Rd5 Bc4 32. Rd2 b3 33. axb3 axb3 34. Nf2 Ne6 35. Ncd3 Rd8 36. Kc1 f6 37. gxf6+ Kxf6 38. Rd1 Nd4 39. Kd2 Nxf3+ 40. Kc3 Be6 41. Nc5 Rxd1 42. Nxd1 Nxh4 43. Nxb3 Nf3 44. Nc5 Bc8 45. b4 Nd4 46. Ne3 h4 47. Kc4 Nf3 48. b5 h3 49. b6 Kg5 50. Nf1 h2 51. Nxh2 Nxh2 52. Kd5 Nf3 53. Kd6 Nd2 54. Kc7 Nc4 55. Kxc8 Nxb6+ 56. Kc7 Nc4 57. Kc6 Kf4 58. Kd5 Ne3+ 59. Ke6 g5 60. Nd3+ Kxe4 61. Nxe5 Nd5 62. Ng4 Ne3 63. Kf6 Nxg4+ 64. Kxg5 1/2-1/2

[Event "XXXVIII Benasque Open 2018"]
[Site "Benasque"]
[Date "2018.07.10"]
[Round "6"]
[White "Lopez Mulet, Inigo"]
[Black "Kharitonov, Alexandr"]
[Result "0-1"]
[ECO "E01"]
[WhiteElo "2378"]
[BlackElo "2564"]
[Annotator "ChessBase"]
[PlyCount "66"]
[EventDate "2018.07.05"]
[EventType "swiss"]
[EventCountry "ESP"]
[SourceTitle "playchess.com"]
[Source "ChessBase"]
[SourceQuality "1"]
[TimeControl "5400+30"]

1. d4 Nf6 2. c4 e6 3. g3 c5 4. Nf3 cxd4 5. Nxd4 d5 6. Bg2 e5 7. Nf3 d4 8. O-O Nc6 9. e3 Be7 10. exd4 exd4 11. Bf4 Be6 12. Nbd2 O-O 13. Ne5 Nxe5 14. Bxe5 Ng4 15. Re1 Nxe5 16. Rxe5 Qc7 17. Rb5 Rab8 18. Rc1 Rfd8 19. Nf3 d3 20. Ng5 Bxg5 21. Rxg5 Rd4 22. Qd2 Rxc4 23. Rxc4 Qxc4 24. Bf1 h6 25. Re5 Rd8 26. Re1 Qxa2 27. Re3 Bf5 28. g4 Bg6 29. f4 Qc4 30. Bg2 Qc2 31. Re2 dxe2 32. Qxd8+ Kh7 33. Qe7 Qd2 0-1

[Event "XXXVIII Benasque Open 2018"]
[Site "Benasque"]
[Date "2018.07.10"]
[Round "6"]
[White "Domingo Nunez, Alejandro"]
[Black "Banusz, Tamas"]
[Result "0-1"]
[ECO "C55"]
[WhiteElo "2369"]
[BlackElo "2607"]
[Annotator "ChessBase"]
[PlyCount "72"]
[EventDate "2018.07.05"]
[EventType "swiss"]
[EventCountry "ESP"]
[SourceTitle "playchess.com"]
[Source "ChessBase"]
[SourceQuality "1"]
[TimeControl "5400+30"]

1. e4 e5 2. Nf3 Nc6 3. Bc4 Nf6 4. d3 h6 5. O-O d6 6. c3 g6 7. Re1 Bg7 8. h3 O-O 9. Bb3 a6 10. d4 Re8 11. Nbd2 b5 12. a4 Bb7 13. d5 Ne7 14. c4 c6 15. dxc6 Bxc6 16. axb5 axb5 17. Rxa8 Qxa8 18. cxb5 Bxe4 19. Nxe4 Nxe4 20. Bc2 f5 21. Bxe4 fxe4 22. Qb3+ Kh7 23. Nd2 d5 24. Qb4 Qb7 25. Nb3 Rb8 26. Na5 Qxb5 27. Qxe7 Qxa5 28. Rd1 Qb5 29. Qd6 d4 30. Re1 Qb7 31. Qe6 Rc8 32. h4 Rc2 33. h5 gxh5 34. Qf5+ Kg8 35. Bxh6 Bxh6 36. Qe6+ Qf7 0-1